 Dungeon Crawl Stone Soup version 0.26.1-11-gd32895ea62 (webtiles) character file.

Game seed: 29695762070537665

82 Zeld the Insei (level 4, -7/29 HPs)
             Began as an Octopode Transmuter on May 26, 2021.
             Mangled by Crazy Yiuf
             ... wielding a +3 quarterstaff of chaos
              (16 damage)
             ... on level 2 of the Dungeon.
             The game lasted 00:03:08 (2551 turns).

Zeld the Insei (Octopode Transmuter)                Turns: 2551, Time: 00:03:09

Health: -7/29      AC:  1    Str: 10    XL:     4   Next: 43%
Magic:  8/8        EV: 14    Int: 15    God:
Gold:   73         SH:  0    Dex: 12    Spells: 2/8 levels left

rFire    . . .     SeeInvis .     - Unarmed
rCold    . . .     Faith    .   (no shield)
rNeg     . . .     Spirit   .   (helmet restricted)
rPois    .         Reflect  .   (no amulet)
rElec    .         Harm     .   (no ring)
rCorr    .         Rampage  .   (no ring)
Will     .....                  (no ring)
Stlth    ++........             (no ring)
HPRegen  0.09/turn              (no ring)
MPRegen  0.11/turn              (no ring)
                                (no ring)
                                (no ring)

@: no status effects
A: almost no armour, stealthy swim, amphibious, 8 rings, constrict 8, camouflage
1, gelatinous body 1
a: no special abilities


You were on level 2 of the Dungeon.
You visited 1 branch of the dungeon, and saw 2 of its levels.

You collected 73 gold pieces.

Inventory:

Scrolls
 b - 2 scrolls of enchant weapon {unknown}
 c - 3 scrolls of identify {unknown}
 d - 2 scrolls of remove curse {unknown}
 g - a scroll of noise {unknown}
 h - a scroll of magic mapping {unknown}
Potions
 a - 2 potions of degeneration {unknown}
 e - 3 potions of curing {unknown}
 f - a potion of brilliance {unknown}


   Skills:
 + Level 1.7 Fighting
 + Level 2.6 Dodging
 - Level 3.0 Unarmed Combat
 * Level 2.9 Spellcasting
 * Level 3.0 Transmutations


You had 2 spell levels left.
You knew the following spells:

 Your Spells              Type           Power        Failure   Level
a - Beastly Appendage     Tmut           22%          6%          1
b - Wereblood             Tmut           11%          9%          2
c - Spider Form           Tmut/Pois      3%           32%         3

Your spell library contained the following spells:

 Spells                   Type           Power        Failure   Level
 Ice Form                 Ice/Tmut       6%           71%         4
 Blade Hands              Tmut           5%           85%         5


Dungeon Overview and Level Annotations

Branches:
Dungeon (2/15)

Altars:

Annotations:
D:2 Crazy Yiuf


Innate Abilities, Weirdness & Mutations

You cannot wear most types of armour.
You are very stealthy in the water. (Stealth+)
You are amphibious.
You can wear up to eight rings at the same time.
You can use your tentacles to constrict eight enemies at once.
Your skin changes colour to match your surroundings (Stealth+).
Your rubbery body absorbs attacks. (AC +1, EV +1)


Message History

You barely miss Crazy Yiuf.
Crazy Yiuf hits you with a +3 quarterstaff of chaos!
* * * LOW HITPOINT WARNING * * *
Crazy Yiuf burns you.
* * * LOW HITPOINT WARNING * * *
You are too injured to fight recklessly!
You are too injured to fight recklessly!
You are too injured to fight recklessly!
Crazy Yiuf says, "I'm not crazy!"
Crazy Yiuf grits, "Hack return to song water!"
You see here a mace.
Your transformation is almost over.
Crazy Yiuf laughs, "Whippet eyeball action!"
Your transformation has ended.
Crazy Yiuf glowers.
Crazy Yiuf cries, "Prologue canine eyeball!"
Crazy Yiuf whimpers, "Shower shoe snockshim!"
Crazy Yiuf hits you with a +3 quarterstaff of chaos!
Ouch! That really hurt!
You die...

######## #.###...#.####.....##
.......# #.......#............
.......# #####...######.....##
.##.#.#### #...# ####.....#
.##......## #...# #........#
..##......#######...###.####...##
.................................
...#...........g...........##.##.
...#..#.........@..........##.###
...#..#.....#####...###.#####.#
<.<.........# #...# #.......#
(....###.#.## #...# #######.#
###..###.#.# #...# #.#
...........# #...# #.###
.##.#############...# #.##. .##.#
#####........# #.##. ....#
#.......###### #######.##.


You could see Crazy Yiuf.

Vanquished Creatures
  3 adders
  An ooze (D:2)
  3 leopard geckos (D:2)
  5 bats
  2 giant cockroaches (D:2)
  5 goblins (D:1)
  10 hobgoblins
  5 kobolds
  A ball python (D:1)
  10 rats
45 creatures vanquished.

Notes
Turn   | Place    | Note
-------+----------+-------------------------------------------
     0 | D:1      | Zeld the Octopode Transmuter began the quest for the Orb.
     0 | D:1      | Reached XP level 1. HP: 13/13 MP: 3/3
   369 | D:1      | Reached XP level 2. HP: 17/18 MP: 3/5
   372 | D:1      | Learned a level 2 spell: Wereblood
   886 | D:1      | Reached XP level 3. HP: 18/23 MP: 6/6
   973 | D:1      | Learned a level 3 spell: Spider Form
  1892 | D:2      | Reached XP level 4. HP: 24/28 MP: 6/8
  2138 | D:2      | Found a runed translucent door.
  2139 | D:2      | Noticed Crazy Yiuf
  2551 | D:2      | Mangled by Crazy Yiuf

Illustrated notes

Levels and vault maps discovered:
D:1:      sevenhm_arrival_forest_fort_small_6, layout_basic, serial_curves,
          eino_curves_02, eino_curves_02, eino_curves_01, eino_curves_03,
          hangedman_feature_mirror, serial_bayou_pond_d
D:2:      layout_loops_cross, uniq_crazy_yiuf_cottage

Skill      XL: |  1  2  3  4 |
---------------+-------------+-----
Transmutations | 3 |  3.0
Fighting       | |  1.7
Dodging        | |  2.6
Unarmed Combat | |  3.0
Spellcasting   | |  2.9

Action                   |  1- 3 |  4- 6 || total
-------------------------+-------+-------++-------
Melee: Unarmed           |    70 |    24 ||    94
       Constrict         |    22 |     6 ||    28
       Kick              |    12 |     3 ||    15
       Tentacles         |     8 |     5 ||    13
       Punch             |     1 |       ||     1
 Cast: Beastly Appendage |    23 |     8 ||    31
       Spider Form       |     1 |     1 ||     2
 Stab: Sleeping          |     3 |       ||     3
Armor: Skin              |     7 |       ||     7
Dodge: Dodged            |    66 |    11 ||    77
